 Dungeon Sprint DCSS version 0.20-a0-556-g892c87b (webtiles) character file.

10290 Kidiri the Eclecticist (level 11, -14/67 HPs)
             Began as a Deep Elf Fire Elementalist on Feb 4, 2017.
             Was the Champion of Vehumet.
             Killed by the air
             ... invoked by a spriggan air mage
              (20 damage)
             ... in the Dungeon (Sprint V: "Ziggurat Sprint").
             The game lasted 00:09:55 (1690 turns).

Kidiri the Eclecticist (Deep Elf Fire Elementalist) Turns: 1690, Time: 00:09:57

Health: -14/67     AC:  6    Str:  5    XL:     11   Next: 34%
Magic:  32/38      EV: 19    Int: 42    God:    Vehumet [******]
Gold:   0          SH:  4    Dex: 15    Spells: 4/40 levels left

rFire    . . .     SeeInvis .   m - +6 Majin-Bo {vamp, Archmagi MP+6 Int+6}
rCold    . . .     Gourm    .   z - +2 robe {MR+}
rNeg     . . .     Faith    .   (shield currently unavailable)
rPois    .         Spirit   .   (no helmet)
rElec    .         Reflect  +   I - +1 cloak {+Inv}
rCorr    .         Harm     .   (no gloves)
MR       ++...     NoTele   +   (no boots)
Stlth    ++........             P - +4 amulet of reflection
Regen    0.3/turn               B - +6 ring of intelligence
                                A - +6 ring of intelligence

@: no status effects
A: no striking features
a: Renounce Religion, Evoke Invisibility


You were in the Dungeon.
You worshipped Vehumet.
Vehumet was exalted by your worship.
You were not hungry.

You visited 1 branch

Inventory:

Hand Weapons
 m - the +6 Majin-Bo (weapon) {vamp, Archmagi MP+6 Int+6}
   (You found it in the Dungeon)

   It inflicts no extra harm, but heals its wielder when it wounds a living foe.
   It affects your intelligence (+6).
   It affects your magic capacity (+6).
Armour
 z - a +2 robe of magic resistance (worn)
 I - a +1 cloak of invisibility (worn)
Jewellery
 a - a +5 amulet of reflection
 y - the ring "Rempusoi" {rC+ Dex+3}
   (You found it in the Dungeon)

   [ring of protection from cold]

   It affects your dexterity (+3).
   It protects you from cold.
 A - a +6 ring of intelligence (left hand)
 B - a +6 ring of intelligence (right hand)
 C - an uncursed ring of ice
 M - the ring of False Pretenses {rElec rN++ Stlth+}
   (You found it in the Dungeon)

   [ring of stealth]

   It insulates you from electricity.
   It greatly protects you from negative energy.
   It makes you more stealthy.
 P - a +4 amulet of reflection (around neck)
 R - the ring of the Nine Orbs {MP+9 Dex+7}
   (You found it in the Dungeon)

   [ring of magical power]

   It affects your dexterity (+7).
   It affects your magic capacity (+9).
Wands
 E - a wand of disintegration (7/24)
 F - a wand of iceblast (4/15)
 G - a wand of lightning (5/15)
 H - a wand of acid (5/15)
Scrolls
 i - 3 scrolls of blinking
 p - 4 scrolls of amnesia
 q - 3 scrolls of recharging
 r - 7 scrolls of fog
 s - a scroll of holy word
 t - 5 scrolls of identify
 u - 5 scrolls of remove curse
 v - 2 scrolls of fear
Potions
 d - 9 potions of curing
 e - 5 potions of heal wounds
 f - 10 potions of haste
 g - 7 potions of magic
 h - 3 potions of berserk rage
 j - 2 potions of brilliance
 k - 2 potions of invisibility
 l - 4 potions of resistance
 n - 5 potions of agility
 o - 6 potions of might
Books
 b - a book of Flames

   Spells                             Type                      Level
   a - Flame Tongue                   Conjuration/Fire             1
   b - Throw Flame                    Conjuration/Fire             2
   c - Conjure Flame                  Conjuration/Fire             3
   d - Inner Flame                    Hexes/Fire                   3
   e - Sticky Flame                   Conjuration/Fire             4
   f - Fireball                       Conjuration/Fire             5
 L - a book of the Tempests

   Spells                             Type                      Level
   a - Static Discharge               Conjuration/Air              3
   b - Lightning Bolt                 Conjuration/Air              5
   c - Fireball                       Conjuration/Fire             5
   d - Tornado                        Air                          9
   e - Shatter                        Earth                        9
Comestibles
 c - 5 bread rations
 w - 30 fruits
 x - 4 meat rations


   Skills:
 + Level 7.1 Fighting
 + Level 8.6 Staves
 + Level 7.2 Armour
 + Level 10.7 Dodging
 - Level 2.4 Stealth
 * Level 15.3 Spellcasting
 + Level 9.6 Conjurations
 * Level 10.2 Charms
 + Level 10.0 Fire Magic
 * Level 10.5 Air Magic
 + Level 9.3 Evocations


You had 4 spell levels left.
You knew the following spells:

 Your Spells              Type           Power        Failure   Level  Hunger
a - Flame Tongue          Conj/Fire      #####        0%          1    None
b - Throw Flame           Conj/Fire      ######       1%          2    None
c - Conjure Flame         Conj/Fire      ########     1%          3    None
d - Inner Flame           Hex/Fire       #######.     1%          3    None
e - Sticky Flame          Conj/Fire      ########     1%          4    None
f - Fireball              Conj/Fire      ########..   1%          5    None
g - Bolt of Fire          Conj/Fire      ########..   1%          6    None
h - Ring of Flames        Chrm/Fire      ########..   14%         7    ##.....
i - Lightning Bolt        Conj/Air       ########..   1%          5    None


Dungeon Overview and Level Annotations

Branches:
Dungeon (1/1)

Altars:
Ashenzari
Cheibriados
Dithmenos
Elyvilon
Fedhas
Gozag
Hepliaklqana
Kikubaaqudgha
Makhleb
Nemelex Xobeh
Okawaru
Qazlal
Ru
Sif Muna
Trog
Uskayaw
Vehumet
Xom
Yredelemnul
Zin
The Shining One
Beogh
Jiyva
Lugonu


Message History

Your Fire Magic skill increases to level 10!
The titan shouts!
The insubstantial wisp gives a chilling moan.
The spriggan air mage waves its arms in wide circles.
The air twists around and strikes you!
* * * LOW HITPOINT WARNING * * *
A storm dragon and an air elemental come into view.
You feel much better. The wind drake flaps its wings at you.
The air twists around and strikes you!
* * * LOW HITPOINT WARNING * * *
The wind drake exhales a fierce blast of wind!
The storm dragon roars deafeningly!
You feel much better.
The insubstantial wisp blinks!
The spriggan air mage waves its arms in wide circles.
The air twists around and strikes you!
* * * LOW HITPOINT WARNING * * *
The spriggan air mage waves its arms in wide circles.
The air twists around and strikes you!
You die...

▓..:).:[..▓.
▓.....):..▓..):")...▓.
▓....D....▓.........▓.
▓...iDC§..▓.........▓.
▓....k....▓.........▓.
▓....Ei...▓...))....▓.
▓v...k....▓...))....▓.
▓.........▓.▓.....▓.▓.
▓....@....▓.........▓▓
▓▓▓▓▓▓▓▓▓▓▓▓▓▓▓▓▓▓▓▓▓


You could see a titan, 2 storm dragons, 2 wind drakes, 2 spriggan air magi, an
air elemental and an insubstantial wisp.

Vanquished Creatures
  A spriggan air mage (D)
  An anaconda (D)
  3 spriggan berserkers (D)
  2 spriggan druids (D)
  An orb spider (D)
  An oklob plant (D)
  A black mamba (D)
  A naga mage (D)
  3 merfolk (D)
  3 hornets (D)
  2 hippogriffs (D)
  5 spriggans (D)
  An air elemental (D)
  A yak (D)
  2 water moccasins (D)
  A floating eye (D)
  3 orc warriors (D)
  An eye of draining (D)
  6 black bears (D)
  4 wolves (D)
  2 necrophages (D)
  2 centaurs (D)
  A crimson imp (D)
  A quasit (D)
  2 orc priests (D)
  An orc wizard (D)
  An adder (D)
  A river rat (D)
  2 ufetubi (D)
  2 oozes (D)
  An adder zombie (D)
  2 orcs (D)
  A ball python (D)
  2 jackals (D)
  A ball python zombie (D)
  A giant cockroach zombie (D)
  A jackal skeleton (D)
  A leopard gecko zombie (D)
  A butterfly (D)
69 creatures vanquished.

Notes
Turn   | Place    | Note
-------+----------+-------------------------------------------
     0 | D        | Kidiri the Deep Elf Fire Elementalist began the quest for the Orb.
     0 | D        | Reached XP level 1. HP: 10/10 MP: 6/6
     0 | D        | Found a deep blue altar of Sif Muna.
     0 | D        | Found a sacrificial altar of Ru.
     0 | D        | Found a bloodstained altar of Trog.
     0 | D        | Found a stormy altar of Qazlal.
     0 | D        | Found an iron altar of Okawaru.
     0 | D        | Found a sparkling altar of Nemelex Xobeh.
     0 | D        | Found a blossoming altar of Fedhas.
     2 | D        | Found an ancient bone altar of Kikubaaqudgha.
     2 | D        | Found a viscous altar of Jiyva.
     2 | D        | Found a corrupted altar of Lugonu.
     2 | D        | Found a hazy altar of Hepliaklqana.
     2 | D        | Found a burning altar of Makhleb.
     2 | D        | Found an opulent altar of Gozag.
    50 | D        | Became a worshipper of Vehumet
    76 | D        | Reached skill level 1 in Fighting
    76 | D        | Reached skill level 1 in Armour
    76 | D        | Reached skill level 5 in Spellcasting
    76 | D        | Reached XP level 2. HP: 17/17 MP: 6/10
   137 | D        | Learned a level 2 spell: Throw Flame
   160 | D        | Entered arena 1.
   160 | D        | Noticed a necrophage
   168 | D        | Killed a necrophage
   168 | D        | Reached skill level 6 in Spellcasting
   168 | D        | Reached XP level 3. HP: 21/22 MP: 12/13
   168 | D        | Reached XP level 4. HP: 26/27 MP: 12/14
   178 | D        | Learned a level 3 spell: Conjure Flame
   182 | D        | Learned a level 3 spell: Inner Flame
   187 | D        | Learned a level 4 spell: Sticky Flame
   269 | D        | Entered arena 2.
   270 | D        | Reached * piety under Vehumet
   270 | D        | Offered knowledge of Sandblast by Vehumet.
   270 | D        | Reached skill level 5 in Fire Magic
   275 | D        | Reached skill level 7 in Spellcasting
   463 | D        | Entered arena 3.
   463 | D        | Noticed an eye of draining
   463 | D        | Noticed a floating eye
   464 | D        | Killed a floating eye
   464 | D        | Reached ** piety under Vehumet
   464 | D        | Offered knowledge of Freeze by Vehumet.
   464 | D        | Reached skill level 5 in Dodging
   464 | D        | Reached skill level 8 in Spellcasting
   464 | D        | Reached XP level 5. HP: 32/32 MP: 17/17
   470 | D        | Killed an eye of draining
   470 | D        | Reached skill level 9 in Spellcasting
   470 | D        | Reached XP level 6. HP: 32/37 MP: 20/20
   477 | D        | Learned a level 5 spell: Fireball
   491 | D        | Learned a level 5 spell: Lightning Bolt
   515 | D        | Entered arena 4.
   516 | D        | Reached *** piety under Vehumet
   517 | D        | Reached skill level 5 in Conjurations
   517 | D        | Reached skill level 1 in Air Magic
   598 | D        | Entered arena 5.
   599 | D        | Offered knowledge of Mephitic Cloud by Vehumet.
   599 | D        | Reached **** piety under Vehumet
   611 | D        | Got the ring of False Pretenses {rElec rN++ Stlth+}
   723 | D        | Entered arena 6.
   723 | D        | Noticed a black mamba
   723 | D        | Noticed a water moccasin
   723 | D        | Noticed a naga mage
   723 | D        | Noticed a water moccasin
   724 | D        | Reached ***** piety under Vehumet
   725 | D        | Killed a water moccasin
   725 | D        | Reached skill level 5 in Staves
   725 | D        | Reached skill level 5 in Evocations
   725 | D        | Reached XP level 7. HP: 36/42 MP: 19/22
   725 | D        | Killed a naga mage
   725 | D        | Reached skill level 10 in Spellcasting
   725 | D        | Reached XP level 8. HP: 42/48 MP: 23/24
   728 | D        | Killed a black mamba
   728 | D        | Reached skill level 11 in Spellcasting
   728 | D        | Reached skill level 5 in Air Magic
   948 | D        | Entered arena 7.
   949 | D        | Offered knowledge of Force Lance by Vehumet.
   949 | D        | Reached skill level 5 in Armour
   949 | D        | Reached skill level 5 in Fighting
   950 | D        | Reached ****** piety under Vehumet
   950 | D        | Reached skill level 12 in Spellcasting
   950 | D        | Reached XP level 9. HP: 49/54 MP: 27/27
   969 | D        | Got the ring of the Nine Orbs {MP+9 Dex+7}
  1004 | D        | Entered arena 8.
  1004 | D        | Noticed a merfolk
  1004 | D        | Noticed a merfolk
  1004 | D        | Noticed a merfolk
  1006 | D        | Killed a merfolk
  1007 | D        | Killed a merfolk
  1010 | D        | Killed a merfolk
  1010 | D        | Reached skill level 13 in Spellcasting
  1029 | D        | Got the ring "Rempusoi" {rC+ Dex+3}
  1031 | D        | Identified the Disquisition on Quantum Protection (You found it in the Dungeon)
  1039 | D        | Learned a level 7 spell: Ring of Flames
  1039 | D        | Identified the Disquisition on Quantum Protection (You found it in the Dungeon)
  1043 | D        | Identified the Disquisition on Quantum Protection (You found it in the Dungeon)
  1162 | D        | Entered arena 9.
  1163 | D        | Offered knowledge of Iskenderun's Mystic Blast by Vehumet.
  1164 | D        | Reached skill level 1 in Charms
  1196 | D        | Identified the Volume of Translocation and Combat Magic (You found it in the Dungeon)
  1196 | D        | Identified the Volume of Translocation and Combat Magic (You found it in the Dungeon)
  1255 | D        | Entered arena 10.
  1255 | D        | Noticed a spriggan druid
  1255 | D        | Noticed a spriggan rider
  1257 | D        | Reached XP level 10. HP: 55/60 MP: 29/29
  1258 | D        | Killed a spriggan druid
  1258 | D        | Reached skill level 5 in Charms
  1382 | D        | Entered arena 11.
  1382 | D        | Noticed a spriggan berserker
  1382 | D        | Noticed a spriggan berserker
  1382 | D        | Noticed a spriggan rider
  1382 | D        | Noticed a spriggan berserker
  1383 | D        | Offered knowledge of Throw Icicle by Vehumet.
  1384 | D        | Noticed an anaconda
  1385 | D        | Noticed a spriggan druid
  1385 | D        | Killed a spriggan berserker
  1385 | D        | Reached skill level 14 in Spellcasting
  1385 | D        | Killed a spriggan berserker
  1385 | D        | Reached skill level 10 in Dodging
  1388 | D        | Noticed an elephant
  1388 | D        | Killed an anaconda
  1389 | D        | Noticed an oklob plant
  1390 | D        | Killed a spriggan druid
  1390 | D        | Reached skill level 10 in Air Magic
  1390 | D        | Reached XP level 11. HP: 34/66 MP: 17/31
  1390 | D        | Killed a spriggan berserker
  1399 | D        | Killed an oklob plant
  1399 | D        | Reached skill level 15 in Spellcasting
  1443 | D        | Learned a level 6 spell: Bolt of Fire
  1686 | D        | Entered arena 12.
  1686 | D        | Noticed an orb spider
  1686 | D        | Noticed a spriggan air mage
  1686 | D        | Noticed a spriggan air mage
  1687 | D        | Noticed a spriggan air mage
  1687 | D        | Noticed a storm dragon
  1688 | D        | Noticed a titan
  1688 | D        | Killed an orb spider
  1688 | D        | Offered knowledge of Poison Arrow by Vehumet.
  1688 | D        | Killed a spriggan air mage
  1688 | D        | Reached skill level 10 in Charms
  1688 | D        | Reached skill level 10 in Fire Magic
  1689 | D        | Noticed a storm dragon
  1690 | D        | Killed from afar by a spriggan air mage

Vault maps used:
D:        sprint_v

Skill      XL: |  1  2  3  4  5  6  7  8  9 10 11 |
---------------+----------------------------------+-----
Fighting       | 1 2 3 4 5 6 7 |  7.1
Staves         | 2 3 4 5 6 7 8 |  8.6
Armour         | 1 2 3 4 5 6 7 |  7.2
Dodging        | 3 4 5 6 7 8 9 10 | 10.7
Spellcasting   | 5 6 8 9 10 12 13 14 15 | 15.3
Conjurations   | 2 3 4 5 6 7 8 9 |  9.6
Fire Magic     | 4 5 6 7 8 9 10 | 10.0
Evocations     | 2 3 4 5 6 7 8 9 |  9.3
Air Magic      | 3 4 6 8 10 | 10.5
Charms         | 3 8 10 | 10.2
Stealth        | |  2.4

Action                   |  1- 3 |  4- 6 |  7- 9 | 10-12 || total
-------------------------+-------+-------+-------+-------++-------
Melee: Quarterstaff      |       |       |       |     5 ||     5
 Cast: Flame Tongue      |     5 |    16 |     1 |       ||    22
       Fireball          |       |     4 |    10 |    10 ||    24
       Lightning Bolt    |       |     2 |     4 |     3 ||     9
       Sticky Flame      |       |       |     2 |     2 ||     4
Evoke: Wand              |       |     1 |       |       ||     1
  Use: Potion            |     3 |       |     1 |     3 ||     7
       Scroll            |       |       |       |     1 ||     1
  Eat: Fruit             |     2 |    10 |       |       ||    12
Armor: Robe              |     1 |       |       |       ||     1
Dodge: Dodged            |     5 |     1 |     2 |     1 ||     9
Block: Other             |       |       |       |     1 ||     1
       Reflection        |       |       |       |     1 ||     1
